 Dungeon Crawl Stone Soup version 0.30-a0-393-g54b8e3be05 (webtiles) character file.

Game seed: 1584061423054239359

107 ytrimaz the Magician (level 5, -1/38 HPs)
             Began as a Djinni Warper on Dec 5, 2022.
             Killed by divine providence
             ... invoked by an orc priest
              (13 damage)
             ... on level 3 of the Dungeon.
             The game lasted 00:02:10 (2361 turns).

ytrimaz the Magician (Djinni Warper)                Turns: 2361, Time: 00:02:10

Health: -1/38      AC:  4    Str: 10    XL:     5   Next: 10%
Gold:   128        EV: 11    Int: 16    God:
                   SH:  0    Dex: 13

rFire   + + +      SeeInvis .    j - +1 hand axe (elec)
rCold   x . .      Faith    .    (no shield)
rNeg    . . .      Spirit   .    b - +1 leather armour
rPois   ∞          Reflect  .    (no helmet)
rElec   .          Harm     .    (no cloak)
rCorr   .          Rampage  .    (no gloves)
Will    +....                    (boots unavailable)
Stlth   +.........               (no amulet)
HPRegen 0.26/turn                f - ring of willpower
MPRegen 0.00/turn                i - ring of protection from fire

@: flying
A: sickness immunity, fire resistance 2, cold vulnerability 1, float, innate
caster, HP casting, extra vitality 1
a: no special abilities


You were on level 3 of the Dungeon.
You visited 1 branch of the dungeon, and saw 3 of its levels.

You collected 128 gold pieces.


Innate Abilities, Weirdness & Mutations

You are immune to sickness and miasma.
You are immune to poison.
Your flesh is very heat resistant. (rF++)
You are vulnerable to cold. (rC-)
You float through the air rather than walking.
You learn spells naturally, not from books.
Your magical power is your life essence.
You have superior vitality. (+4 MHP)


   Skills:
 - Level 2.0 Fighting
 + Level 3.0 Axes
 - Level 0.7 Throwing
 - Level 1.0 Armour
 - Level 2.1 Dodging
 + Level 3.4 Spellcasting


You couldn't memorise any spells.
You knew the following spells:

 Your Spells              Type           Power      Damage    Failure   Level
a - Blink                 Tloc           26%        N/A       9%          2
b - Lesser Beckoning      Tloc           26%        N/A       19%         3
c - Vhi's Electric Charg  Tloc/Air       26%        N/A       19%         3
d - Teleport Other        Tloc           13%        N/A       19%         3
e - Manifold Assault      Tloc           13%        N/A       52%         4
f - Sandblast             Erth           26%        2d8       6%          1
g - Searing Ray           Conj           26%        2d5       9%          2
Your spell library was empty.

Inventory:

Hand Weapons
 a - a +0 hand axe
 j - a +1 hand axe of electrocution (weapon)
   (You found it on level 2 of the Dungeon)
Missiles
 d - 7 boomerangs of dispersal
 g - 5 boomerangs
Armour
 b - a +1 leather armour (worn)
Jewellery
 f - a ring of willpower (left hand)
   (You found it on level 1 of the Dungeon)
 i - a ring of protection from fire (right hand)
   (You found it on level 1 of the Dungeon)
Scrolls
 c - 2 scrolls of blinking
 l - a scroll of fear
Potions
 h - a potion of might {unknown}
 k - a potion of magic {unknown}
 m - a potion of degeneration {unknown}
 n - a potion of brilliance {unknown}
 o - a potion of ambrosia {unknown}
 p - 3 potions of haste {unknown}

Dungeon Overview and Level Annotations

Branches:
Dungeon (3/15) Zot: 15615

Altars:
Trog

Annotations:
D:3 exclusion: moth of wrath

#.## #..........
#..# #.#.......#
###.###.#.#.###.#
#...............#
###...#.#.<######
###.#.#..# #.
#.#.#..#
#...#######.#....#
#....)@.....######
###...o).....#
#..........#
##########.# .# .#
.. .


You could see an orc priest.


Message History

You barely miss the frilled lizard.
The orc priest shouts!
The frilled lizard bites you. 😕 HP[-1]
You take 1 damage, and now have 37/38 hp.
You miss the frilled lizard. You closely miss the orc.
The frilled lizard barely misses you. The orc barely misses you.
You hit the frilled lizard.
You kill the frilled lizard!
You closely miss the orc. The orc hits you but does no damage. x2
The orc closely misses you. The orc hits you with a +0 war axe.
The orc closely misses you.
Unknown command.
You hit the orc. x3; The orc barely misses you.
The orc hits you but does no damage. x2; The orc hits you with a +0 war axe. 😕 HP[-1]
You take 1 damage, and now have 36/38 hp.
You hit the orc. Lightning courses through the orc!
You kill the orc!
You hit the orc. You barely miss the orc.
The orc hits you from afar with a +0 trident.
The orc hits you but does no damage. 😕 HP[-1]
You take 1 damage, and now have 35/38 hp.
Unknown command.
You hit the orc. Lightning courses through the orc!
You kill the orc!
You closely miss the orc.
You hit the orc priest but do no damage.
The orc priest hits you with a +0 flail.
The orc closely misses you. 😕 HP[-1]
You take 1 damage, and now have 34/38 hp.
You hit the orc. Lightning courses through the orc!
You kill the orc!
You barely miss the orc priest.
The orc priest casts a cantrip, but nothing happens.
The orc barely misses you.
You closely miss the orc priest.
The orc priest looks braver for a moment.
The orc hits you from afar with a +0 trident. 😕 HP[-5]
You take 5 damage, and now have 29/38 hp.
Unknown command.
You hit the orc priest. The orc priest closely misses you.
The orc hits you from afar with a +0 trident.
The orc hits you from afar with a +0 trident!
The orc priest hits you with a +0 flail.
* * * LOW HITPOINT WARNING * * *
😨 HP[-14]
You take 14 damage, and now have 15/38 hp.
MASSIVE DAMAGE!! (PAUSE)
You are too injured to fight recklessly!
The orc priest hits you but does no damage.
The orc hits you with a +0 trident.
* * * LOW HITPOINT WARNING * * *
Things that are here:
a +0 war axe; an orc corpse; 😨 HP[-1]
You take 1 damage, and now have 14/38 hp.
You hit the orc priest. You closely miss the orc.
The orc priest closely misses you. The orc closely misses you.
You feel much better. The orc priest closely misses you.
The orc closely misses you. 😕 HP[+22]
You regained 22 hp, and now have 36/38 hp.
Unknown command.
You hit the orc priest but do no damage.
You hit the orc.
The orc priest miscasts a cantrip.
The orc completely misses you. 😕 HP[+1]
You closely miss the orc priest. You hit the orc but do no damage.
The orc priest begins to cast a cantrip, but forgets the words!
The orc hits you with a +0 trident! 😕 HP[-8]
You take 8 damage, and now have 29/38 hp.
MASSIVE DAMAGE!! (PAUSE)
You hit the orc priest. You hit the orc.
The orc priest calls upon Beogh to heal the orc.
The orc's wounds heal themselves!
The orc barely misses you.
You closely miss the orc priest. You hit the orc. The orc barely misses you.
The orc priest invokes the aid of Beogh against you.
Beogh smites you! 😮 HP[-9]
You take 9 damage, and now have 20/38 hp.
MASSIVE DAMAGE!! (PAUSE)
You are too injured to fight recklessly!
You closely miss the orc priest. You hit the orc.
You kill the orc!
The orc priest mumbles some strange prayers to Beogh against you.
Beogh smites you!
* * * LOW HITPOINT WARNING * * *
😨 HP[-8]
You take 8 damage, and now have 12/38 hp.
MASSIVE DAMAGE!! (PAUSE)
You barely miss the orc priest.
The orc priest hits you but does no damage.
The orc priest mumbles some strange prayers to Beogh against you.
Beogh smites you!
You die...

Skill      XL: |  1  2  3  4 |
---------------+-------------+-----
Axes           | 2 3 |  3.0
Spellcasting   | 3 |  3.4
Fighting       | |  2.0
Throwing       | |  0.7
Armour         | |  1.0
Dodging        | |  2.1

Action                   |  1- 3 |  4- 6 || total
-------------------------+-------+-------++-------
Melee: Hand axe          |    87 |    50 ||   137
  Use: Scroll            |     4 |       ||     4
       Potion            |       |     1 ||     1
 Stab: Sleeping          |     1 |       ||     1
Armor: Leather armour    |    26 |     8 ||    34
Dodge: Dodged            |    46 |    38 ||    84

Levels and vault maps discovered:
D:1:      nzn_arrival_water_spiral, layout_basic,
          hangedman_decor_clover_reticule, grunt_decor_one_mirror
D:2:      layout_loops_corners
D:3:      layout_basic, tgw_trog

Notes
Turn   | Place    | Note
-------+----------+-------------------------------------------
     0 | D:1      | ytrimaz the Djinni Warper began the quest for the Orb.
     0 | D:1      | ytrimaz set off with the following spells memorised: Blink,
                  | Lesser Beckoning, Vhi's Electric Charge, Teleport Other,
                  | Manifold Assault.
     0 | D:1      | Reached XP level 1. HP: 18/18 MP: 0/0
     0 | D:1      | magus.rc [v1.9.6]
   275 | D:1      | Reached XP level 2. HP: 14/23 MP: 0/0
   412 | D:1      | Reached skill level 2 in Axes
   893 | D:2      | Reached XP level 3. HP: 13/28 MP: 0/0
   893 | D:2      | Learned a level 1 spell: Sandblast
  1486 | D:2      | Reached skill level 3 in Spellcasting
  1782 | D:3      | Reached XP level 4. HP: 33/33 MP: 0/0
  2018 | D:3      | Noticed a moth of wrath
  2021 | D:3      | Found a bloodstained altar of Trog.
  2063 | D:3      | HP: 4/33 [worm (12)]
  2071 | D:3      | Reached skill level 3 in Axes
  2071 | D:3      | Reached XP level 5. HP: 7/38 MP: 0/0
  2071 | D:3      | Learned a level 2 spell: Searing Ray
  2361 | D:3      | Killed from afar by an orc priest

Vanquished Creatures
  3 gnolls (D:3)
  3 adders
  4 worms (D:3)
  2 dart slugs
  4 orcs (D:3)
  A bat (D:1)
  An endoplasm (D:1)
  A goblin (D:1)
  3 hobgoblins (D:2)
  2 kobolds (D:2)
  A quokka (D:1)
  2 ball pythons (D:1)
  4 frilled lizards
  5 rats
36 creatures vanquished.

Table legend:
 A = Non-vault XP
 B = Vault XP
 C = Vault XP percentage of total XP
 D = Non-vault monster count
 E = Vault monster count
 F = Vault count percentage of total count
                 A         B        C        D         E       F
            +---------+---------+-------+---------+---------+-------
      Total |     131 |      22 |  14.4 |      31 |       5 |  13.9
            +---------+---------+-------+---------+---------+-------
        D:1 |      20 |       0 |   0.0 |      12 |       0 |   0.0
        D:2 |      42 |       0 |   0.0 |      10 |       0 |   0.0
        D:3 |      69 |      22 |  24.2 |       9 |       5 |  35.7
            +---------+---------+-------+---------+---------+-------

Illustrated notes

Table legend:
 A = Kills in this place as a percentage of kills in entire the game.
 B = Kills by you in this place as a percentage of kills by you in the entire game.
 C = Kills by friends in this place as a percentage of kills by friends in the entire game.
 D = Other kills in this place as a percentage of other kills in the entire game.
 E = Experience gained in this place as a percentage of experience gained in the entire game.
 F = Experience gained in this place divided by the number of levels of this place that you have seen.
                   A       B       C       D       E      F
               +-------+-------+-------+-------+-------+----------------------
         Total | 100.0 | 100.0 |   N/A |   N/A | 100.0 |  51.0
       Dungeon | 100.0 | 100.0 |   N/A |   N/A | 100.0 |  51.0
               +-------+-------+-------+-------+-------+----------------------

Table legend: (Time is in decaauts)
 A = Elapsed time spent in this place.
 B = Non-inter-level travel time spent in this place.
 C = Inter-level travel time spent in this place.
 D = Time resting spent in this place.
 E = Time spent auto-exploring this place.
 F = Levels seen in this place.
 G = Mean time per level.
                   A        B        C        D        E       F      G
               +--------+--------+--------+--------+--------+-----+--------+
         Total |   2383 |   2315 |     68 |    209 |   1741 |   3 |  794.3 |
       Dungeon |   2383 |   2315 |     68 |    209 |   1741 |   3 |  794.3 |
               +--------+--------+--------+--------+--------+-----+--------+

Top non-repeatable levels by time:
     D:2: 1048 daAuts
     D:1: 745 daAuts
     D:3: 588 daAuts
